 Seeded DCSS version 0.27.1 (webtiles) character file.

Game seed: 7 (custom seed)

97 a11behringer the Sneak (level 4, -3/37 HPs)
             Began as a Demigod Delver on Aug 26, 2021.
             Slain by a hornet zombie (5 damage)
             ... on level 3 of the Dungeon.
             The game lasted 00:12:19 (2583 turns).

a11behringer the Sneak (Demigod Delver)             Turns: 2583, Time: 00:12:19

Health: -3/37      AC:  8    Str: 17    XL:     4   Next: 19%
Magic:  6/6        EV: 12    Int: 12    God:
Gold:   82         SH:  0    Dex: 15    Spells: 3/3 levels left

rFire    . . .     SeeInvis +   a - +0 falchion
rCold    . . .     Faith    .   (no shield)
rNeg     . . .     Spirit   .   b - +1 leather armour
rPois    .         Reflect  .   l - +2 hat {SInv}
rElec    .         Harm     .   (no cloak)
rCorr    .         Rampage  .   j - +1 pair of gloves
Will     .....                  (no boots)
Stlth    +++.......             (no amulet)
HPRegen  0.12/turn              (no ring)
MPRegen  0.10/turn              (no ring)

@: no status effects
A: high mp 1, forlorn
a: no special abilities


You were on level 3 of the Dungeon.
You visited 1 branch of the dungeon, and saw 5 of its levels.

You collected 218 gold pieces.
You spent 136 gold pieces at shops.

Inventory:

Hand Weapons
 a - a +0 falchion (weapon)
Armour
 b - a +1 leather armour (worn)
 j - a +1 pair of gloves (worn)
 l - a +2 hat of see invisible (worn)
Jewellery
 p - a ring of fire
 s - a ring of resist corrosion
Wands
 g - a wand of digging (3)
 i - a wand of flame (20)
 q - a wand of paralysis (7)
 r - a wand of iceblast (5)
Scrolls
 c - a scroll of fog
 d - a scroll of magic mapping
 e - a scroll of fear
 m - a scroll of teleportation {unknown}
 n - a scroll of enchant armour
 t - a scroll of noise {unknown}
 u - a scroll of amnesia
Potions
 f - a potion of haste
 h - 2 potions of lignification
 k - a potion of mutation
 o - a potion of degeneration


   Skills:
 - Level 2.9 Fighting
 * Level 3.3 Long Blades
 - Level 1.0 Armour
 - Level 2.0 Dodging
 - Level 4.9 Stealth


You had 3 spell levels left.
You didn't know any spells.
Your spell library was empty.

Dungeon Overview and Level Annotations

Branches:
Dungeon (5/15)
 Temple: D:4-7

Shops:
D:2 *


Innate Abilities, Weirdness & Mutations

Your attributes grow dramatically as you level up.
You have an increased reservoir of magic. (+10% MP)
You shall have no god before yourself.


Message History

The hornet zombie hits you but does no damage.
You hit the hornet zombie.
The hornet zombie is moderately damaged.
The hornet zombie barely misses you.
You riposte.
You hit the hornet zombie.
The hornet zombie is heavily damaged.
The hornet zombie hits you!
You hit the hornet zombie.
The hornet zombie is heavily damaged.
The hornet zombie hits you.
* * * LOW HITPOINT WARNING * * *
You hit the hornet zombie.
The hornet zombie is heavily damaged.
The hornet zombie hits you but does no damage. x2
You hit the hornet zombie.
The hornet zombie is severely damaged.
The hornet zombie barely misses you.
You hit the hornet zombie.
The hornet zombie is severely damaged.
The hornet zombie hits you.
* * * LOW HITPOINT WARNING * * *
The hornet zombie barely misses you.
You riposte.
You hit the hornet zombie but do no damage.
The hornet zombie is severely damaged.
You hit the hornet zombie but do no damage.
The hornet zombie is severely damaged.
The hornet zombie hits you but does no damage.
You hit the hornet zombie but do no damage.
The hornet zombie is severely damaged.
The hornet zombie hits you.
* * * LOW HITPOINT WARNING * * *
The hornet zombie misses you.
You closely miss the hornet zombie.
The hornet zombie is severely damaged.
The hornet zombie misses you.
You riposte.
You hit the hornet zombie but do no damage.
The hornet zombie is severely damaged.
You hit the hornet zombie.
The hornet zombie is severely damaged.
The hornet zombie hits you.
You die...

#... #. #... #.
..#... #. ...... #.
...... #. ####.
..###. #. .....
..###. #Z###......
....#. #.@.#......
....#. #.#........
.....
#.#.########## ##..
#.#..#.P. ...#...
#.#..#.#.#.#.#.#...
#.#...PP.P.P.......
#.#..#.#.#P#.#.#...
#.#..#.P. . #..'
#....#.#.#.#.#.#...


You could see a hornet zombie.

Vanquished Creatures
  4 adders
  3 worms
  2 dart slugs (D:1)
  2 bats
  3 endoplasms
  A giant cockroach (D:2)
  3 goblins
  2 hobgoblins
  6 jackals
  A quokka (D:3)
  2 ball pythons
  3 frilled lizards
  8 kobolds
  10 rats
50 creatures vanquished.

Notes
Turn   | Place    | Note
-------+----------+-------------------------------------------
     0 | D:5      | a11behringer the Demigod Delver began the quest for the
                  | Orb.
     0 | D:5      | Reached XP level 1. HP: 18/18 MP: 3/3
    49 | D:5      | Noticed an ogre
   244 | D:1      | Reached XP level 2. HP: 19/25 MP: 4/4
  1356 | D:2      | Reached XP level 3. HP: 30/30 MP: 5/5
  1403 | D:2      | Found Ogruuwn's Assorted Antiques.
  1420 | D:2      | Bought an ivory wand for 68 gold pieces
  1420 | D:2      | Bought a glowing bone wand for 68 gold pieces
  2039 | D:3      | Reached skill level 1 in Armour
  2486 | D:3      | Reached XP level 4. HP: 27/37 MP: 6/6
  2583 | D:3      | Slain by a hornet zombie

Illustrated notes

Levels and vault maps discovered:
D:1:      lightli_molten_gateway, layout_loops_ring
D:2:      layout_basic, serial_shops, nicolae_shop_crystal,
          hangedman_decor_growths, st_stairs_10, minmay_rat_gold_closets
D:3:      kennysheep_the_goblin_king, layout_basic,
          shapermc_ecumenical_altar_mp_urbaneastern, uniq_ijyb, uniq_robin
D:4:      layout_cave_pods, enter_ossuary_1, hex_tiny, minmay_misc_feat_square,
          uniq_blork_the_orc
D:5:      layout_loops_ring, minmay_temple_entry_ruins

Skill      XL: |  1  2  3 |
---------------+----------+-----
Long Blades    | 2 3 |  3.3
Dodging        | 2 |  2.0
Armour         | 1 |  1.0
Fighting       | |  2.9
Stealth        | |  4.9

Action                   |  1- 3 |  4- 6 || total
-------------------------+-------+-------++-------
Melee: Falchion          |   164 |    15 ||   179
  Use: Scroll            |     5 |       ||     5
 Stab: Sleeping          |    16 |     1 ||    17
       Distracted        |     1 |       ||     1
Armor: Leather armour    |    54 |     6 ||    60
Dodge: Dodged            |   115 |     9 ||   124
       Rpst.: Falchion   |    33 |     4 ||    37
